 Dungeon Crawl Stone Soup version 0.28-a0-1415-g7c84da036a (webtiles) character file.

Game seed: 18320304148422989517

144 vineage the Skirmisher (level 5, -33/37 HPs)
             Began as a Gargoyle Fighter on Jan 7, 2022.
             Killed from afar by Ijyb (39 damage)
             ... with a bolt of acid
             ... on level 3 of the Dungeon.
             The game lasted 00:02:27 (2165 turns).

vineage the Skirmisher (Gargoyle Fighter)           Turns: 2165, Time: 00:02:28

Health: -33/37     AC: 10    Str: 20    XL:     5   Next: 27%
Magic:  5/5        EV: 10    Int:  8    God:
Gold:   50         SH:  5    Dex: 11    Spells: 4/4 levels left

rFire   . . .      SeeInvis +   i - +2 short sword (flame)
rCold   + + .      Faith    .   c - +1 buckler
rNeg    + . .      Spirit   .   e - +2 ring mail {rC+}
rPois   ∞          Reflect  .   (no helmet)
rElec   +          Harm     .   m - +0 cloak
rCorr   .          Rampage  .   (no gloves)
Will    .....                   l - +0 pair of boots
Stlth   +.........              (no amulet)
HPRegen 0.12/turn               h - ring of protection from cold
MPRegen 0.09/turn               j - ring of see invisible

@: corroded, attractive
A: sickness immunity, AC +4, negative energy resistance 1, electricity
resistance, torment resistance 1, petrification resistance
a: no special abilities


You were on level 3 of the Dungeon.
You visited 1 branch of the dungeon, and saw 3 of its levels.

You collected 50 gold pieces.

Inventory:

Hand Weapons
 a - a +0 flail
 i - a +2 short sword of flaming (weapon)
Armour
 c - a +1 buckler (worn)
 e - a +2 ring mail of cold resistance (worn)
 l - a +0 pair of boots (worn)
 m - a +0 cloak (worn)
Jewellery
 h - a ring of protection from cold (left hand)
 j - a ring of see invisible (right hand)
Potions
 d - a potion of might
 g - a potion of curing {unknown}
 k - a potion of heal wounds {unknown}


   Skills:
 + Level 6.4 Fighting
 - Level 2.0 Maces & Flails
 - Level 3.2 Armour
 - Level 3.2 Shields


You had 4 spell levels left.
You didn't know any spells.
Your spell library was empty.

Dungeon Overview and Level Annotations

Branches:
Dungeon (3/15)

Altars:

Annotations:
D:3 Ijyb


Innate Abilities, Weirdness & Mutations

You are immune to sickness and miasma.
Your stone body is resilient. (AC +4)
You are immune to poison.
You resist negative energy. (rN+)
You are resistant to electric shocks. (rElec)
You are resistant to unholy torment.
You are immune to petrification.


Message History

No target in view!
No target in view!
No target in view!
No target in view!
No target in view!
No target in view!
No target in view!
No target in view!
No target in view!
No target in view!
(D) Dungeon
Where to? (Enter - D:3, ? - help) HP restored.
There is a stone staircase leading up here.
You climb upwards.
There is a stone staircase leading down here.
(D) Dungeon
Where to? (Enter - D:1, ? - help)
You climb downwards.
There is a stone staircase leading up here.
(D) Dungeon
Where to? (Enter - D:2, ? - help)
There is a stone staircase leading down here.
You climb downwards.
Found 15 gold pieces.
There is a stone staircase leading up here.
You now have 50 gold pieces (gained 15).
Ijyb the Twisted Goblin comes into view.
She is wielding a +0 dagger and carrying a wand of acid (9).
Ijyb shouts!
Ijyb is nearby!
You see here a scroll labelled BYUSUR ZUGRAU.
Ijyb zaps a wand.
The bolt of acid hits you!
Ijyb zaps a wand.
The bolt of acid hits you!
* * * LOW HITPOINT WARNING * * *
The acid corrodes you!
It was a potion of attraction.
You feel attractive to monsters.
Ijyb zaps a wand.
The bolt of acid hits you!!!
Ouch! That really hurt!
You die...

#.# . #.# ..#
######<##.....
#.........#
#.####.##.....
#.# #... ....
##?## #..##
... #...###...
.. #.#@.###.##
# #....# ..
####g# .# .#
.# .# .# .#


You could see Ijyb.

Vanquished Creatures
  6 gnolls (D:2)
  An adder (D:2)
  2 worms (D:2)
  8 dart slugs
  2 bats (D:2)
  2 endoplasms (D:1)
  2 giant cockroaches (D:1)
  4 goblins
  11 hobgoblins
  3 jackals (D:2)
  A quokka (D:1)
  3 ball pythons
  A frilled lizard (D:2)
  7 kobolds
  2 rats
55 creatures vanquished.

Notes
Turn   | Place    | Note
-------+----------+-------------------------------------------
     0 | D:1      | vineage the Gargoyle Fighter began the quest for the Orb.
     0 | D:1      | Reached XP level 1. HP: 14/14 MP: 1/1
    94 | D:1      | Reached XP level 2. HP: 15/20 MP: 2/2
   237 | D:1      | Reached skill level 4 in Fighting
   504 | D:1      | Reached XP level 3. HP: 23/24 MP: 3/3
  1213 | D:2      | Reached skill level 5 in Fighting
  1395 | D:2      | Reached XP level 4. HP: 31/31 MP: 4/4
  1691 | D:2      | Reached skill level 6 in Fighting
  2109 | D:2      | Reached XP level 5. HP: 36/36 MP: 5/5
  2161 | D:3      | Noticed Ijyb
  2165 | D:3      | Killed from afar by Ijyb

Illustrated notes

Levels and vault maps discovered:
D:1:      heliophobic_arrival_ceremonial_halls, layout_basic
D:2:      layout_loops_ring
D:3:      layout_loops_ring, slow_altar_2, mainiacjoe_overflow_alcove_1,
          dreamdust_ecumenical_altar_grove, minmay_statues_item, uniq_ijyb

Skill      XL: |  1  2  3  4 |
---------------+-------------+-----
Fighting       | 4 5 6 |  6.4
Maces & Flails | |  2.0
Armour         | |  3.2
Shields        | |  3.2

Action                   |  1- 3 |  4- 6 || total
-------------------------+-------+-------++-------
Melee: Flail             |    85 |       ||    85
       Short sword       |     2 |    57 ||    59
  Use: Scroll            |     3 |     1 ||     4
       Potion            |       |     1 ||     1
Armor: Scale mail        |    48 |     8 ||    56
       Ring mail         |       |     9 ||     9
Dodge: Dodged            |    43 |    17 ||    60
Block: Buckler           |    18 |    15 ||    33

Table legend: (Time is in decaauts)
 A = Elapsed time spent in this place.
 B = Non-inter-level travel time spent in this place.
 C = Inter-level travel time spent in this place.
 D = Time resting spent in this place.
 E = Time spent auto-exploring this place.
 F = Levels seen in this place.
 G = Mean time per level.
                   A        B        C        D        E       F      G
               +--------+--------+--------+--------+--------+-----+--------+
         Total |   2205 |   2097 |    108 |    152 |   1530 |   3 |  735.0 |
       Dungeon |   2205 |   2097 |    108 |    152 |   1530 |   3 |  735.0 |
               +--------+--------+--------+--------+--------+-----+--------+

Top non-repeatable levels by time:
     D:1: 1305 daAuts
     D:2: 882 daAuts
     D:3: 17 daAuts
